 Dungeon Crawl Stone Soup version 0.31-a0-232-gb1c03b2570 (webtiles) character file.

Game seed: 10486877376537940610

7 qw the Shooter (level 1, 0/16 HPs)
             Began as a Minotaur Hexslinger on July 7, 2023.
             Constricted to death by a ball python (1 damage)
             ... on level 1 of the Dungeon.
             The game lasted 00:00:04 (120 turns).

qw the Shooter (Minotaur Hexslinger)                 Turns: 120, Time: 00:00:04

Health: 0/16       AC:  2    Str: 12    XL:     1   Next: 83%
Magic:  1/1        EV:  9    Int: 10    God:
Gold:   16         SH:  0    Dex: 12    Spells: 1/2 levels left

rFire   . . .        a - +1 sling
rCold   . . .        (no shield)
rNeg    . . .        c - +0 robe
rPois   .            (helmet restricted)
rElec   .            (no cloak)
rCorr   .            (no gloves)
SInv    .            (no boots)
Will    .....        (no amulet)
Stlth   +            (no ring)
HPRegen 0.22/turn    (no ring)
MPRegen 0.07/turn

%: no passive effects
@: constricted
A: horns 2, retaliatory headbutt
a: no special abilities


You were on level 1 of the Dungeon.
You visited 1 branch of the dungeon, and saw 1 of its levels.

You collected 16 gold pieces.


Innate Abilities, Weirdness & Mutations

You have a pair of horns on your head.
You reflexively headbutt those who attack you in melee.


   Skills:
 - Level 1.2 Fighting
 + Level 2.9 Ranged Weapons
 - Level 2.1 Dodging
 - Level 1.0 Spellcasting
 - Level 2.0 Hexes


You had one spell level left.
You knew the following spells:

 Your Spells              Type           Power      Damage    Failure   Level
a - Slow                  Hex            16%        N/A       16%         1

Your spell library contained the following spells:

 Spells                   Type           Power      Damage    Failure   Level
 Inner Flame              Hex/Fire       2%         N/A       56%         3
 Portal Projectile        Hex/Tloc       4%         N/A       56%         3
 Cause Fear               Hex            2%         N/A       83%         4

Inventory:

Hand Weapons
 a - a +1 sling (weapon)
Armour
 c - a +0 robe (worn)
 h - a +0 leather armour
Scrolls
 b - a scroll of poison
 i - a scroll of teleportation {unknown}
Potions
 d - a potion of mutation {unknown}
 e - a potion of lignification {unknown}
 f - a potion of haste {unknown}
 g - 2 potions of attraction {unknown}

Dungeon Overview and Level Annotations

Branches:
Dungeon (1/15)

Altars:


Message History

A jackal and a goblin come into view.
The goblin shouts!
Enter note: You shoot a sling bullet.
The sling bullet barely misses the jackal.
The sling bullet closely misses the goblin.
You hear an angry hiss.
A ball python comes into view.
You shoot a sling bullet.
The sling bullet barely misses the jackal.
The sling bullet barely misses the goblin.
You shoot a sling bullet. The sling bullet hits the jackal.
The jackal is moderately wounded.
The jackal closely misses you. You furiously retaliate!
You headbutt the jackal, but do no damage.
You shoot a sling bullet. The sling bullet hits the jackal.
The jackal is almost dead.
The jackal misses you. You furiously retaliate!
You headbutt the jackal, but do no damage.
The jackal closely misses you.
You shoot a sling bullet.
The sling bullet closely misses the jackal.
The sling bullet closely misses the ball python.
The jackal bites you. The goblin barely misses you.
You shoot a sling bullet.
The sling bullet hits the jackal but does no damage.
The jackal is almost dead.
The jackal bites you. The ball python bites you.
The ball python barely misses you. The jackal bites you.
The goblin hits you with a +0 dagger.
You shoot a sling bullet. The sling bullet hits the jackal.
You kill the jackal!
The ball python bites you. The ball python grabs you.
The ball python constricts you. The goblin barely misses you.
The ball python bites you. The ball python constricts you.
You shoot a sling bullet. The sling bullet hits the ball python.
The ball python is moderately wounded.
The goblin barely misses you. The ball python bites you.
The ball python constricts you.
You die...

#.........#.#.
#.........#..
#.........#.### # .
#.........#...#.# ..
#.............#.# ..
#.............#.#.###
########.............
#......g..##
#.....@...#
#.....#S...?..
#...[.#.#.#!#. ####
#.....#.. # # ...#
####'##.#.
...###########.# ....
...............# ##
## .........#######
.........#


You could see a goblin and a ball python.

Vanquished Creatures
  2 endoplasms (D:1)
  A giant cockroach (D:1)
  A hobgoblin (D:1)
  A jackal (D:1)
5 creatures vanquished.

Notes
Turn   | Place    | Note
-------+----------+-------------------------------------------
     0 | D:1      | qw the Minotaur Hexslinger began the quest for the Orb.
     0 | D:1      | Reached XP level 1. HP: 16/16 MP: 1/1
     0 | D:1      | 0 ||| qw: Version: 0.3-a-46-gb1f654a
     0 | D:1      | 0 ||| qw: Game counter: 2497
     0 | D:1      | 0 ||| qw: Melee chars always use a shield: true
     0 | D:1      | 0 ||| qw: God list: Okawaru
     0 | D:1      | 0 ||| qw: Allow faded altars: false
     0 | D:1      | 0 ||| qw: Do Orc after clearing Dungeon:15 true
     0 | D:1      | 0 ||| qw: Do second Lair branch before Depths: true
     0 | D:1      | 0 ||| qw: Lair rune preference: random
     0 | D:1      | 0 ||| qw: Goals: Normal
     0 | D:1      | 0 ||| PLANNING D:1-11
   119 | D:1      | HP: 4/16 [constriction (1)]
   120 | D:1      | HP: 1/16 [ball python (1)]
   120 | D:1      | Constricted to death by a ball python

Levels and vault maps discovered:
D:1:      eino_arrival_cavern_b, layout_basic, minmay_split_cup_small

Action                     || total
---------------------------++-------
   Fire: Sling             ||    23
 Armour: Robe              ||     1
  Dodge: Dodged            ||     8

Table legend:
 A = Non-vault XP
 B = Vault XP
 C = Vault XP percentage of total XP
 D = Non-vault monster count
 E = Vault monster count
 F = Vault count percentage of total count
                 A         B        C        D         E       F
            +---------+---------+-------+---------+---------+-------
      Total |       8 |       2 |  20.0 |       4 |       1 |  20.0
            +---------+---------+-------+---------+---------+-------
        D:1 |       8 |       2 |  20.0 |       4 |       1 |  20.0
            +---------+---------+-------+---------+---------+-------
